 Dungeon Crawl Stone Soup version 0.21.1-1-g345015fe64 (webtiles) character file.

275 Gargoyl the Skirmisher (level 6, -5/53 HPs)
             Began as a Centaur Abyssal Knight on Mar 30, 2018.
             Was a Believer of Lugonu.
             Shot with an arrow by a centaur (11 damage)
             ... on level 5 of the Dungeon.
             The game lasted 00:05:15 (3057 turns).

Gargoyl the Skirmisher (Centaur Abyssal Knight)     Turns: 3057, Time: 00:05:15

Health: -5/53      AC:  9    Str: 13 (14) XL:     6   Next: 3%
Magic:  8/8        EV:  4    Int:  9 (11) God:    Lugonu [**....]
Gold:   195        SH:  0    Dex: 10 (11) Spells: 5/5 levels left

rFire    . . .     SeeInvis .   a - +2 hand axe
rCold    . . .     Gourm    .   (no shield)
rNeg     . . .     Faith    .   b - +1 chain mail {rPois}
rPois    +         Spirit   .   (no helmet)
rElec    .         Reflect  .   (no cloak)
rCorr    .         Harm     .   (no gloves)
MR       .....                  (no barding)
Stlth    ..........             (no amulet)
HPRegen  0.17/turn              (no ring)
MPRegen  0.11/turn              (no ring)

@: very quick
A: large, hooves 3, deformed body, speed 2, tough skin 3
a: Depart the Abyss, Bend Space, Renounce Religion


You were on level 5 of the Dungeon.
You worshipped Lugonu.
Lugonu was pleased with you.
You were not hungry.

You visited 1 branch of the dungeon, and saw 5 of its levels.
You visited the Abyss 1 time.

You collected 195 gold pieces.

Inventory:

Hand Weapons
 a - a +2 hand axe (weapon)
Armour
 b - a +1 chain mail of poison resistance (worn)
Jewellery
 i - an uncursed ring of protection from fire {unknown}
Wands
 d - a wand of clouds (4)
 j - a wand of paralysis (12)
Scrolls
 f - 2 scrolls of remove curse
 g - a scroll of identify
 h - a scroll of fog {unknown}
Comestibles
 c - 7 rations


   Skills:
 + Level 4.6 Fighting
 + Level 3.1 Axes
 * Level 2.8 Armour
 + Level 0.7 Dodging
 * Level 2.9 Invocations


You had 5 spell levels left.
You didn't know any spells.

Dungeon Overview and Level Annotations

Branches:
Dungeon (5/15)             Temple (0/1) D:4

Altars:
Kikubaaqudgha
Xom
Zin

Annotations:
D:5 Edmund


Innate Abilities, Weirdness & Mutations

You have hooves in place of feet.
Armour fits poorly on your strangely shaped body.
You cover ground very quickly.
You have extremely tough skin. (AC +3)


Message History

The centaur shoots an arrow.
The arrow hits you but does no damage.
You hear a shout!
It was a potion of degeneration.
There was something very wrong with that liquid.
You feel weakened.
You feel dopey.
You feel clumsy.
The centaur shoots an arrow.
The arrow hits you.
* * * LOW HITPOINT WARNING * * *
Edmund hits you with a flail of protection.
* * * LOW HITPOINT WARNING * * *
Okay, then.
The centaur shoots an arrow.
The arrow barely misses you.
The centaur shoots an arrow.
The arrow hits you.
* * * LOW HITPOINT WARNING * * *
An ogre comes into view. It is wielding a giant club.
You see here an arrow.
Found a stone staircase leading down.
Edmund says, "You wouldn't believe how much I paid for this flail."
Found a scroll of remove curse.
The centaur shoots an arrow.
The arrow hits you!
You die...

# #8# ##### #8...
#.#######...#####....
.......@..@....#>....
...?..####c#.####....
...#####...#.# #8...
........c###.# #8#
#.....(##..# ### #
#.......(.## ...#
#.......### ....#
#........# #....#
#..O..c...###....#


You could see Edmund and a centaur.

Vanquished Creatures
  A bullfrog zombie (D:5)
  A centaur zombie (D:3)
  2 hounds (D:4)
  A howler monkey skeleton (D:2)
  5 adders
  An ooze (D:2)
  2 worms
  4 dart slugs
  12 orcs (D:4)
  4 bats
  8 goblins
  3 hobgoblins
  4 jackals (D:3)
  7 kobolds
  4 quokkas
  A ball python skeleton (D:4)
  3 frilled lizards
  8 rats
  2 rat zombies (D:4)
73 creatures vanquished.

Notes
Turn   | Place    | Note
-------+----------+-------------------------------------------
     0 | Abyss:1  | Gargoyl the Centaur Abyssal Knight began the quest for the Orb.
     0 | Abyss:1  | Reached XP level 1. HP: 19/19 MP: 2/2
    68 | Abyss:1  | Noticed a large abomination
    68 | Abyss:1  | Noticed a wretched star
    68 | Abyss:1  | Noticed a small abomination
    69 | D:1      | Escaped the Abyss
   134 | D:1      | Reached * piety under Lugonu
   249 | D:1      | Reached XP level 2. HP: 16/26 MP: 3/3
   859 | D:1      | You fall through a shaft!
   936 | D:2      | Reached XP level 3. HP: 28/33 MP: 4/4
   983 | D:2      | Reached skill level 4 in Fighting
  1350 | D:2      | Reached XP level 4. HP: 38/40 MP: 5/5
  1734 | D:3      | Reached ** piety under Lugonu
  2128 | D:3      | Found a shimmering altar of Xom.
  2387 | D:3      | Reached XP level 5. HP: 46/46 MP: 6/6
  2566 | D:4      | Found a staircase to the Ecumenical Temple.
  2732 | D:4      | Found a glowing silver altar of Zin.
  2977 | D:4      | Found an ancient bone altar of Kikubaaqudgha.
  3016 | D:5      | Entered Level 5 of the Dungeon
  3028 | D:5      | Reached XP level 6. HP: 52/53 MP: 8/8
  3035 | D:5      | Noticed Edmund
  3057 | D:5      | Shot with an arrow by a centaur

Skill      XL: |  1  2  3  4 |
---------------+-------------+-----
Axes           | 2 3 |  3.1
Fighting       | 4 |  4.6
Armour         | 2 |  2.8
Dodging        | |  0.7
Invocations    | |  2.9

Action                   |  1- 3 |  4- 6 || total
-------------------------+-------+-------++-------
Melee: Hand axe          |    76 |   128 ||   204
       Kick              |    10 |    27 ||    37
Invok: Depart the Abyss  |     1 |       ||     1
  Use: Scroll            |     3 |     4 ||     7
       Potion            |       |     1 ||     1
  Eat: Ration            |       |     2 ||     2
Armor: Chain mail        |    67 |    91 ||   158
Dodge: Dodged            |    25 |    38 ||    63
